 Dungeon Crawl Stone Soup version 0.19.0-19-g8c6edcc (console) character file.

170 Gottschkopf the Magician (level 5, 0/28 HPs)
             Began as a Deep Elf Conjurer on Nov 16, 2016.
             Slain by Gargoyl's ghost (4 damage)
             ... on level 4 of the Dungeon.
             The game lasted 00:05:42 (3086 turns).

Gottschkopf the Magician (Deep Elf Conjurer)        Turns: 3086, Time: 00:05:42

Health: 0/28       AC:  4    Str:  5    XL:     5   Next: 26%
Magic:  1/16       EV: 13    Int: 21    God:
Gold:   180        SH:  0    Dex: 15    Spells: 5 memorised, 2 levels left

rFire  . . .     SeeInvis .     h - +0 dagger
rCold  . . .     Gourm    .     a - +0 robe
rNeg   . . .     Faith    .     (no shield)
rPois  .         Spirit   .     (no helmet)
rElec  .         Reflect  .     e - +0 cloak
rCorr  .         Harm     .     (no gloves)
MR     .....                    s - +0 pair of boots
Stlth  +.........               (no amulet)
                                (no ring)
                                x - ring of loudness (curse)

@: no status effects
A: no striking features
a: no special abilities


You were on level 4 of the Dungeon.
You were hungry.

You visited 1 branch of the dungeon, and saw 4 of its levels.

You collected 180 gold pieces.

Inventory:

Hand Weapons
 h - a +0 dagger (weapon)
Armour
 a - a +0 robe (worn)
 e - a +0 cloak (worn)
 s - a +0 pair of boots (worn)
Jewellery
 x - a cursed ring of loudness (left hand)
Scrolls
 d - a scroll of fog {unknown}
 j - 3 scrolls of remove curse {unknown}
 m - 2 scrolls of noise {unknown}
 o - 4 scrolls of teleportation {unknown}
 p - 2 scrolls of enchant weapon {unknown}
 q - 2 scrolls of fear {unknown}
 r - 4 scrolls of amnesia {unknown}
 t - a scroll of identify {unknown}
 v - a scroll of immolation {unknown}
 y - a scroll of enchant armour {unknown}
 z - a scroll of recharging {unknown}
Potions
 f - a potion of agility {unknown}
 g - a potion of might {unknown}
 i - a potion of cancellation {unknown}
 k - a potion of heal wounds {unknown}
 l - 2 potions of brilliance {unknown}
 n - 3 potions of lignification {unknown}
 u - a potion of curing {unknown}
 w - a potion of degeneration {unknown}
Books
 b - a book of Conjurations

   Spells                             Type                      Level
   a - Magic Dart                     Conjuration                  1
   b - Searing Ray                    Conjuration                  2
   c - Dazzling Spray                 Conjuration/Hexes            3
   d - Fulminant Prism                Conjuration/Hexes            4
   e - Iskenderun's Mystic Blast      Conjuration                  4
   f - Iskenderun's Battlesphere      Conjuration/Charms           5
Comestibles
 c - 4 bread rations


   Skills:
 - Level 2.4 Dodging
 - Level 2.4 Stealth
 - Level 7.1 Spellcasting
 - Level 4.3 Conjurations
 + Level 1.9 Charms


You had 2 spell levels left.
You knew the following spells:

 Your Spells              Type           Power        Failure   Level  Hunger
a - Magic Dart            Conj           ####         1%          1    None
b - Searing Ray           Conj           ####..       1%          2    None
c - Iskenderun's Mystic   Conj           ####....     17%         4    ###....
d - Fulminant Prism       Conj/Hex       ###.......   41%         4    ###....
e - Iskenderun's Battles  Conj/Chrm      ###.....     78%         5    #####..


Dungeon Overview and Level Annotations

Branches:
Dungeon (4/15)
 Temple: D:4-7

Altars:
Okawaru
Ru

Annotations:
D:4 Gargoyl's ghost, weakling DsAK


Message History

Confirm with . or Enter, or press ? or * to list all spells.
Aiming: Magic Dart
Press: ? - help, Shift-Dir - straight line, f/p - Gargoyl's ghost
Aim: Gargoyl's ghost (severely damaged)
The magic dart hits Gargoyl's ghost.
Gargoyl's ghost is severely damaged.
Gargoyl's ghost closely misses you.
Found a stone staircase leading down.
There is a stone staircase leading down here.
Casting: Magic Dart
Confirm with . or Enter, or press ? or * to list all spells.
Aiming: Magic Dart
Press: ? - help, Shift-Dir - straight line, f/p - Gargoyl's ghost
Aim: Gargoyl's ghost (severely damaged)
The magic dart hits Gargoyl's ghost.
Gargoyl's ghost is severely damaged.
Gargoyl's ghost barely misses you.
You are feeling hungry.
Gargoyl's ghost hits you.
You die...

#....########
#....'......#
#####....######.##
#.................
#.######.######.##
#.# #.# #.##
#.######'## #...
#W#.......########
#@+.......'.......
###.......##......
##########......
#...... #......
#...... #......
#...... #......


You could see Gargoyl's ghost.

Vanquished Creatures
  An orc wizard (D:3)
  A worker ant (D:4)
  3 gnolls (D:2)
  3 adders
  3 leopard geckos
  4 orcs (D:3)
  A ball python (D:2)
  6 giant cockroaches
  2 goblins
  7 hobgoblins
  8 jackals
  4 kobolds
  4 bats
  2 frilled lizards (D:2)
  7 rats
56 creatures vanquished.

Notes
Turn   | Place    | Note
-------+----------+-------------------------------------------
     0 | D:1      | Gottschkopf the Deep Elf Conjurer began the quest for the Orb.
     0 | D:1      | Reached XP level 1. HP: 10/10 MP: 6/6
   142 | D:2      | Reached XP level 2. HP: 7/15 MP: 1/8
   149 | D:2      | Learned a level 2 spell: Searing Ray
   287 | D:1      | Reached skill level 4 in Spellcasting
   607 | D:2      | Reached XP level 3. HP: 11/19 MP: 0/11
   744 | D:2      | Reached skill level 5 in Spellcasting
  1417 | D:2      | Reached XP level 4. HP: 24/24 MP: 5/13
  1423 | D:2      | Learned a level 4 spell: Iskenderun's Mystic Blast
  1428 | D:2      | Learned a level 4 spell: Fulminant Prism
  1486 | D:2      | Reached skill level 6 in Spellcasting
  1695 | D:2      | Found an iron altar of Okawaru.
  1890 | D:3      | Found a sacrificial altar of Ru.
  2331 | D:3      | Reached skill level 7 in Spellcasting
  2474 | D:3      | Reached XP level 5. HP: 28/28 MP: 11/16
  2481 | D:3      | Learned a level 5 spell: Iskenderun's Battlesphere
  2873 | D:4      | Found an iron altar of Okawaru.
  2996 | D:4      | Reached skill level 1 in Charms
  2997 | D:4      | Noticed Gargoyl's ghost (weakling DsAK)
  3086 | D:4      | Slain by Gargoyl's ghost

Skill      XL: |  1  2  3  4  5 |
---------------+----------------+-----
Spellcasting   | 4 5 7 |  7.1
Charms         | 1 |  1.9
Dodging        | |  2.4
Stealth        | |  2.4
Conjurations   | |  4.3

Action                   |  1- 3 |  4- 6 || total
-------------------------+-------+-------++-------
Melee: Unarmed           |     4 |       ||     4
       Dagger            |     1 |     4 ||     5
 Cast: Magic Dart        |    70 |    66 ||   136
       Searing Ray       |     1 |     5 ||     6
       Iskenderun's Myst |       |     1 ||     1
  Eat: Chunk             |       |     6 ||     6
Armor: Robe              |     4 |     2 ||     6
Dodge: Dodged            |    14 |     9 ||    23
